 Dungeon Crawl Stone Soup version 0.27-a0-1219-g958d993ae5 (webtiles) character file.

Game seed: 13294803470811577028

53 soylentgreeen202 the Chucker (level 3, -1/37 HPs)
             Began as an Ogre Hunter on June 7, 2021.
             Slain by a goblin
             ... wielding a +0 dagger
             ... led by Robin
              (3 damage)
             ... on level 2 of the Dungeon.
             The game lasted 00:07:59 (2218 turns).

soylentgreeen202 the Chucker (Ogre Hunter)          Turns: 2218, Time: 00:08:00

Health: -1/37      AC:  3    Str: 16    XL:     3   Next: 87%
Magic:  3/3        EV: 10    Int: 18    God:
Gold:   48         SH:  0    Dex: 10    Spells: 2/2 levels left

rFire    . . .     SeeInvis .   a - +0 short sword
rCold    . . .     Faith    .   (no shield)
rNeg     . . .     Spirit   .   b - +0 robe
rPois    .         Reflect  .   (helmet restricted)
rElec    .         Harm     .   (no cloak)
rCorr    .         Rampage  .   (gloves unavailable)
Will     .....                  (boots unavailable)
Stlth    +.........             (no amulet)
HPRegen  0.12/turn              h - +6 ring of intelligence
MPRegen  0.08/turn              (no ring)

@: no status effects
A: large, unfitting armour, tough skin 1
a: no special abilities


You were on level 2 of the Dungeon.
You visited 1 branch of the dungeon, and saw 2 of its levels.

You collected 48 gold pieces.

Inventory:

Hand Weapons
 a - a +0 short sword (weapon)
Missiles
 d - 2 throwing nets (quivered)
Armour
 b - a +0 robe (worn)
Jewellery
 h - a +6 ring of intelligence (left hand)
Scrolls
 e - a scroll of enchant armour {unknown}
 g - a scroll of brand weapon {unknown}
 i - a scroll of vulnerability {unknown}
Potions
 f - a potion of heal wounds {unknown}


   Skills:
 - Level 3.0 Fighting
 + Level 5.1 Throwing
 - Level 2.0 Dodging
 - Level 1.0 Stealth


You had 2 spell levels left.
You didn't know any spells.
Your spell library was empty.

Dungeon Overview and Level Annotations

Branches:
Dungeon (2/15)

Altars:

Annotations:
D:2 1 runed translucent door, Crazy Yiuf, Robin


Innate Abilities, Weirdness & Mutations

You are too large for most types of armour.
You have tough skin. (AC +1)


Message History

Robin's bangles clink loudly. 4 goblins and a hobgoblin come into view.
The hobgoblin shouts!
The goblin shouts! x4
The goblin shouts!
The goblin hits you with a +0 dagger.
You see here a large rock.
c - a large rock The hobgoblin barely misses you.
Robin roars a battlecry!
The goblins go into a battle-frenzy!
Robin throws the goblin at you!
You see here a +0 club.
Throw: large rock
Press: ? - help, Q - select action, (/) - cycle Shift-Dir - straight line, f/p - Robin
Aim: Robin, wielding a +0 trident, wearing a +0 animal skin and wearing a +2 helmet (moderately wounded, 67% to hit)
You throw a large rock. The large rock hits the hobgoblin.
You kill the hobgoblin!
The goblin unwields a +0 dagger.
The goblin wields a +0 hunting sling.
The goblin shoots a stone.
The stone hits you.
The goblin hits you with a +0 dagger. x2
Unknown command.
You hit the goblin.
You kill the goblin!
Robin throws the goblin at you! The goblin hits you with a +0 club.
The goblin unwields a +0 hunting sling.
The goblin wields a +0 dagger.
The goblin barely misses you.
You closely miss the goblin. The goblin closely misses you.
You hit the goblin.
The goblin is moderately wounded.
The goblin hits you with a +0 club.
* * * LOW HITPOINT WARNING * * *
The goblin hits you with a +0 dagger.
* * * LOW HITPOINT WARNING * * *
The goblin hits you but does no damage. x2
You closely miss the goblin.
The goblin is moderately wounded.
The goblin hits you with a +0 club.
* * * LOW HITPOINT WARNING * * *
The goblin hits you with a +0 dagger.
You die...

.. #...# +# #...# .♣ #...# ♣♣
######...##### ♣ #........>.... ♣
#...##....####### .# ♣♣
#...#............ #.# .♣
#...#.###)#############..... .♣♣
#...#.....g@ggggg........... ..#
#...#..##.######...........#
.#####...#..##g# #.########..#
......####..##.# #...........#
..###.####..##.##############...#
..# #.............(..((....g.....
#.# #.########.##############....
..###.##......<....# #.#.#
###...##.#####.###.# #.#.#


You could see Robin and 5 goblins.

Vanquished Creatures
  A gnoll (D:1)
  A worm (D:2)
  A dart slug (D:1)
  3 ball pythons
  3 endoplasms (D:1)
  A giant cockroach (D:2)
  8 goblins
  3 hobgoblins
  3 jackals (D:1)
  3 quokkas (D:1)
  4 bats
  2 frilled lizards
  A kobold (D:1)
34 creatures vanquished.

Notes
Turn   | Place    | Note
-------+----------+-------------------------------------------
     0 | D:1      | soylentgreeen202 the Ogre Hunter began the quest for the
                  | Orb.
     0 | D:1      | Reached XP level 1. HP: 22/22 MP: 1/1
   228 | D:1      | Reached skill level 1 in Stealth
   228 | D:1      | Reached XP level 2. HP: 22/31 MP: 2/2
   975 | D:1      | Reached XP level 3. HP: 35/37 MP: 3/3
  1858 | D:2      | Found a faded altar of an unknown god.
  2116 | D:2      | Found a runed translucent door.
  2117 | D:2      | Noticed Crazy Yiuf
  2160 | D:2      | Noticed Robin
  2171 | D:2      | Reached skill level 5 in Throwing
  2218 | D:2      | Slain by a goblin

Illustrated notes

Levels and vault maps discovered:
D:1:      dpeg_arrival_rooms_c, layout_basic
D:2:      minmay_skewed_foursquare, layout_basic, basic_ecumenical_altar,
          basic_altar, uniq_robin, uniq_crazy_yiuf_cottage, uniq_sigmund

Skill      XL: |  1  2  3 |
---------------+----------+-----
Fighting       | 3 |  3.0
Dodging        | 2 |  2.0
Stealth        | 1 |  1.0
Throwing       | 5 |  5.1

Action                   || total
-------------------------++-------
Melee: Short sword       ||    93
Throw: Large rock        ||    16
 Stab: Sleeping          ||     2
Armor: Robe              ||    42
Dodge: Dodged            ||    70

Table legend: (Time is in decaauts)
 A = Elapsed time spent in this place.
 B = Non-inter-level travel time spent in this place.
 C = Inter-level travel time spent in this place.
 D = Time resting spent in this place.
 E = Time spent auto-exploring this place.
 F = Levels seen in this place.
 G = Mean time per level.
                   A        B        C        D        E       F      G
               +--------+--------+--------+--------+--------+-----+--------+
         Total |   2241 |   2106 |    135 |    452 |    747 |   2 | 1120.5 |
       Dungeon |   2241 |   2106 |    135 |    452 |    747 |   2 | 1120.5 |
               +--------+--------+--------+--------+--------+-----+--------+

Top non-repeatable levels by time:
     D:1: 1584 daAuts
     D:2: 656 daAuts
